 Dungeon Crawl Stone Soup version 0.25-a0-589-g1e14c549ee (webtiles) character file.

Game seed: 13873146126818117601, levelgen mode: deterministic

4 Mobile the Magician (level 1, 0/13 HPs)
             Began as an Octopode Wizard on Mar 12, 2020.
             Slain by a bat (1 damage)
             ... on level 1 of the Dungeon.
             The game lasted 00:00:31 (144 turns).

Mobile the Magician (Octopode Wizard)                Turns: 144, Time: 00:00:32

Health: 0/13       AC:  1    Str:  6    XL:     1   Next: 60%
Magic:  4/4        EV: 13    Int: 20    God:
Gold:   19         SH:  0    Dex: 10    Spells: 5/6 levels left

rFire    . . .     SeeInvis .   b - +0 dagger
rCold    . . .     Gourm    .   (no shield)
rNeg     . . .     Faith    .   a - +0 hat
rPois    .         Spirit   .   (no amulet)
rElec    .         Reflect  .   (no ring)
rCorr    .         Harm     .   (no ring)
MR       .....                  (no ring)
Stlth    +++.......             (no ring)
HPRegen  0.04/turn              (no ring)
MPRegen  0.09/turn              (no ring)
                                (no ring)
                                (no ring)

@: no status effects
A: almost no armour, stealthy swim, amphibious, 8 rings, constrict 8, camouflage
1, gelatinous body 1
a: no special abilities


You were on level 1 of the Dungeon.
You were not hungry.

You visited 1 branch of the dungeon, and saw 1 of its levels.

You collected 19 gold pieces.

Inventory:

Hand Weapons
 b - a +0 dagger (weapon)
Armour
 a - a +0 hat (worn)
Comestibles
 c - a ration


   Skills:
 + Level 1.1 Fighting
 - Level 2.0 Dodging
 - Level 2.6 Stealth
 - Level 3.0 Spellcasting
 - Level 1.0 Conjurations
   Level 1.0 Summonings
   Level 1.0 Translocations


You had 5 spell levels left.
You knew the following spells:

 Your Spells              Type           Power        Failure   Level  Hunger
a - Magic Dart            Conj           #...         10%         1    None

Your spell library contained the following spells:

 Spells                   Type           Power        Failure   Level  Hunger
 Blink                    Tloc           N/A          14%         2    ##.....
 Call Imp                 Summ           #.......     14%         2    ##.....
 Slow                     Hex            #.......     22%         2    ##.....
 Conjure Flame            Conj/Fire      #.......     34%         3    ###....
 Mephitic Cloud           Conj/Pois/Air  #.......     36%         3    ###....


Dungeon Overview and Level Annotations

Branches:
Dungeon (1/15)

Altars:


Innate Abilities, Weirdness & Mutations

You cannot wear most types of armour.
You are very stealthy in the water. (Stealth+)
You are amphibious.
You can wear up to eight rings at the same time.
You can use your tentacles to constrict eight enemies at once.
Your skin changes colour to match your surroundings (Stealth+).
Your rubbery body absorbs attacks. (AC +1, EV +1)


Message History

The bat barely misses you. The bat hits you. The bat closely misses you.
You hit the bat but do no damage. Your grab misses the bat.
The bat barely misses you. The bat closely misses you.
The bat hits you but does no damage.
You miss the bat. You grab the bat. You constrict the bat. The bat hits you.
* * * LOW HITPOINT WARNING * * *
The bat escapes!
The bat misses you. The bat hits you.
* * * LOW HITPOINT WARNING * * *
The bat misses you. The bat closely misses you. The bat barely misses you.
The bat hits you.
* * * LOW HITPOINT WARNING * * *
You closely miss the bat. Your grab misses the bat.
The bat is moderately wounded.
The bat hits you.
You die...

#... +... ..
#.#....#...###########.#
#.#....+.............#.#
.......# #..........#.#
#......####..........#.#
.......+.............#.#
##.....##...........##.#
................@b.....#
..........#........#####
###................#
....>.#####.########
#####.##..#.# #.##..#.#
#.##..# #####.##..#
#.....##..#


You could see a bat.

Vanquished Creatures
  A giant cockroach (D:1)
  A goblin (D:1)
  A hobgoblin (D:1)
3 creatures vanquished.

Notes
Turn   | Place    | Note
-------+----------+-------------------------------------------
     0 | D:1      | Mobile the Octopode Wizard began the quest for the Orb.
     0 | D:1      | Reached XP level 1. HP: 11/11 MP: 4/4
   117 | D:1      | Reached skill level 1 in Fighting
   144 | D:1      | Slain by a bat

Levels and vault maps discovered:
D:1:      lemuel_arrival_river_ford, layout_basic

Skill      XL: |  1 |
---------------+----+-----
Fighting       | 1 |  1.1
Dodging        | |  2.0
Stealth        | |  2.6
Spellcasting   | |  3.0
Conjurations   | |  1.0
Summonings     | |  1.0
Translocations | |  1.0

Action                   || total
-------------------------++-------
Melee: Dagger            ||    17
       Unarmed           ||     4
       Constrict         ||     4
       Tentacles         ||     3
 Stab: Sleeping          ||     1
Armor: Skin              ||     2
Dodge: Dodged            ||    23

Table legend:
 A = Non-vault XP
 B = Vault XP
 C = Vault XP percentage of total XP
 D = Non-vault monster count
 E = Vault monster count
 F = Vault count percentage of total count
                 A         B        C        D         E       F
            +---------+---------+-------+---------+---------+-------
      Total |       6 |       0 |   0.0 |       3 |       0 |   0.0
            +---------+---------+-------+---------+---------+-------
        D:1 |       6 |       0 |   0.0 |       3 |       0 |   0.0
            +---------+---------+-------+---------+---------+-------
